[ AOE2 MATCH · #481364544 ]
Team RMVietnamese vs Maya
[ REPLAY ANALYSIS · EXTRACTED FROM THE RECORDED GAME ]
Feudal
14:46
Castle
18:46
Imperial
—
| APM avg | 46.6 |
| APM peak | 87 |
| eAPM avg | 16.3 |
| Villagers / military | 35 / 4 |
Focus
⚔️ 22.2% · 🌾 77.8%
Fishing Ship ×18 · Demolition Raft ×4
Feudal
11:59
Castle
15:29
Imperial
—
| APM avg | 43.5 |
| APM peak | 69 |
| eAPM avg | 21.0 |
| Villagers / military | 35 / 11 |
Focus
⚔️ 28.0% · 🌾 72.0%
Fishing Ship ×10 · Scorpion ×8 · Battering Ram ×2 · Mangonel ×1
Feudal
13:19
Castle
16:49
Imperial
—
| APM avg | 50.2 |
| APM peak | 83 |
| eAPM avg | 28.4 |
| Villagers / military | 51 / 10 |
Focus
⚔️ 31.7% · 🌾 68.3%
Conquistador ×10 · Fishing Ship ×7
Feudal
15:00
Castle
18:49
Imperial
—
| APM avg | 35.5 |
| APM peak | 67 |
| eAPM avg | 15.4 |
| Villagers / military | 32 / 4 |
Focus
⚔️ 22.4% · 🌾 77.6%
Fishing Ship ×13 · Camel Archer ×2 · Demolition Raft ×2
Feudal
13:10
Castle
16:47
Imperial
—
| APM avg | 43.2 |
| APM peak | 77 |
| eAPM avg | 20.3 |
| Villagers / military | 41 / 6 |
Focus
⚔️ 27.1% · 🌾 72.9%
Fishing Ship ×15 · Mangudai ×6 · Unknown (2626) ×2
Feudal
13:30
Castle
17:00
Imperial
—
| APM avg | 38.5 |
| APM peak | 70 |
| eAPM avg | 21.0 |
| Villagers / military | 44 / 7 |
Focus
⚔️ 30.4% · 🌾 69.6%
Fishing Ship ×12 · Knight ×4 · Scout Cavalry ×3
Feudal
15:01
Castle
18:42
Imperial
—
| APM avg | 45.3 |
| APM peak | 68 |
| eAPM avg | 15.9 |
| Villagers / military | 31 / 3 |
Focus
⚔️ 22.8% · 🌾 77.2%
Fishing Ship ×14 · Hussite Wagon ×2 · Monk ×1
Feudal
14:41
Castle
18:11
Imperial
—
| APM avg | 27.0 |
| APM peak | 51 |
| eAPM avg | 18.6 |
| Villagers / military | 32 / 3 |
Focus
⚔️ 36.1% · 🌾 63.9%
Fishing Ship ×16 · Plumed Archer ×2 · Mangonel ×1
Match map
Initial resources + every placement click. Lines = walls · curves = elevation contours. ◆ gold · ⬟ stone · ● berries · ✦ relic · ◌ wall gap
Your base· Open — 11t gap
TL_Bad Koala's base· Open — 5t gap
奶糖美少女's base· Open — 6t gap
打出风采's base· ✓ Closed at 18:49 · 8t walls · no gate
Mr_oY's base· Open — 6t gap
TL_旋律's base· Open — unwalled flank
_LY_Yo's base· Open — 8t gap
_LY_lyx's base· Open — 3t gap
Smoothed initial terrain · ◌ = detected wall gap · hover for details
Inputs per minute
— brief - - TL_Bad Koala
Build order — brief
89 actions detected in the replay
| 0:09 | Build | Town Center |
| 1:12 | Build | Dock |
| 1:15 | Build | House |
| 2:31 | Create | Villager (Male) ×4 |
| 3:56 | Create | Fishing Ship |
| 4:13 | Create | Villager (Male) |
| 4:30 | Build | House |
| 4:40 | Research | Loom |
| 5:10 | Create | Villager (Male) |
| 5:18 | Create | Fishing Ship |
| 5:34 | Create | Villager (Male) |
| 5:49 | Create | Villager (Male) |
| 6:06 | Create | Fishing Ship |
| 6:17 | Build | House |
| 6:22 | Create | Villager (Male) |
| 6:41 | Create | Villager (Male) |
| 7:02 | Create | Fishing Ship |
| 7:14 | Create | Villager (Male) |
| 7:31 | Build | House |
| 7:36 | Create | Villager (Male) |
| 7:45 | Create | Fishing Ship |
| 7:59 | Create | Villager (Male) |
| 8:24 | Create | Villager (Male) |
| 8:33 | Create | Fishing Ship |
| 8:44 | Build | House |
| 8:48 | Create | Villager (Male) |
| 9:06 | Create | Villager (Male) |
| 9:19 | Create | Fishing Ship |
| 9:24 | Create | Villager (Male) |
| 9:39 | Build | Lumber Camp |
| 10:03 | Create | Villager (Male) |
| 10:04 | Create | Fishing Ship |
| 10:22 | Build | House |
| 10:30 | Create | Villager (Male) |
| 10:52 | Create | Fishing Ship |
| 10:54 | Create | Villager (Male) |
| 11:28 | Create | Villager (Male) |
| 11:36 | Build | Mining Camp |
| 11:41 | Create | Fishing Ship |
| 11:50 | Create | Villager (Male) |
| 11:59 | Build | Mill |
| 12:17 | Create | Villager (Male) |
| 12:30 | Build | House |
| 12:32 | Build | House |
| 12:36 | Research | Feudal Age |
| 13:02 | Build | Dock |
| 13:49 | Create | Fishing Ship |
| 13:50 | Create | Fishing Ship |
| 14:46 | Age | Feudal Age |
| 14:48 | Create | Villager (Male) |
| 14:49 | Create | Villager (Male) |
| 15:09 | Build | Market |
| 15:12 | Build | Blacksmith |
| 15:25 | Create | Demolition Raft |
| 15:25 | Create | Demolition Raft |
| 15:34 | Create | Fishing Ship |
| 15:37 | Create | Fishing Ship |
| 15:41 | Create | Villager (Male) |
| 15:48 | Build | House |
| 15:57 | Research | Castle Age |
| 16:47 | Build | Stone Wall |
| 17:03 | Create | Villager (Male) |
| 17:03 | Create | Villager (Male) |
| 17:14 | Build | Dock |
| 17:19 | Build | House |
| 17:20 | Build | House |
| 17:23 | Research | Fletching |
| 17:31 | Research | Double-Bit Axe |
| 17:33 | Research | Horse Collar |
| 17:54 | Build | Dock |
| 18:10 | Build | Mining Camp |
| 18:29 | Build | Dock |
| 18:46 | Age | Castle Age |
| 18:49 | Build | Town Center |
| 18:53 | Create | Villager (Male) |
| 19:11 | Create | Fishing Ship |
| 19:11 | Create | Fishing Ship |
| 19:39 | Research | Bodkin Arrow |
| 19:40 | Create | Villager (Male) |
| 19:53 | Create | Demolition Raft |
| 19:53 | Create | Demolition Raft |
| 19:59 | Create | Fishing Ship |
| 19:59 | Create | Fishing Ship |
| 20:03 | Create | Villager (Male) |
| 20:12 | Create | Villager (Male) |
| 20:13 | Create | Villager (Male) |
| 20:13 | Create | Villager (Male) |
| 20:30 | Create | Villager (Male) |
| 20:52 | Build | Castle |
Build order — TL_Bad Koala
95 actions detected in the replay
| 0:20 | Build | Town Center |
| 0:28 | Build | Dock |
| 0:31 | Build | House |
| 2:38 | Create | Fishing Ship |
| 2:39 | Create | Villager (Male) |
| 2:39 | Create | Villager (Male) |
| 2:39 | Create | Villager (Male) |
| 2:39 | Create | Villager (Male) |
| 2:40 | Create | Villager (Male) |
| 2:40 | Create | Villager (Male) |
| 3:38 | Create | Villager (Male) |
| 4:25 | Create | Fishing Ship |
| 4:36 | Build | House |
| 4:40 | Research | Loom |
| 4:50 | Create | Villager (Male) |
| 4:50 | Create | Villager (Male) |
| 5:19 | Build | Palisade Wall |
| 5:25 | Create | Fishing Ship |
| 5:29 | Build | Palisade Wall |
| 5:30 | Build | Palisade Wall |
| 5:41 | Create | Villager (Male) |
| 5:47 | Build | Palisade Wall |
| 5:48 | Build | Palisade Wall |
| 5:57 | Build | Palisade Wall |
| 5:58 | Build | Palisade Wall |
| 6:07 | Create | Villager (Male) |
| 6:07 | Create | Villager (Male) |
| 6:20 | Create | Villager (Male) |
| 6:22 | Create | Fishing Ship |
| 6:22 | Create | Fishing Ship |
| 6:29 | Build | House |
| 6:54 | Create | Villager (Male) |
| 7:13 | Create | Villager (Male) |
| 7:17 | Create | Fishing Ship |
| 7:17 | Create | Fishing Ship |
| 7:24 | Build | House |
| 7:34 | Create | Villager (Male) |
| 7:56 | Create | Villager (Male) |
| 8:09 | Create | Villager (Male) |
| 8:09 | Create | Fishing Ship |
| 8:10 | Create | Fishing Ship |
| 8:28 | Create | Villager (Male) |
| 8:30 | Build | House |
| 8:38 | Create | Fishing Ship |
| 9:17 | Build | Mining Camp |
| 9:44 | Build | House |
| 9:49 | Research | Feudal Age |
| 11:10 | Build | Mill |
| 11:41 | Create | Villager (Male) |
| 11:41 | Create | Villager (Male) |
| 11:59 | Age | Feudal Age |
| 12:01 | Build | Market |
| 12:21 | Build | Blacksmith |
| 12:28 | Create | Villager (Male) |
| 12:46 | Build | Watch Tower |
| 13:03 | Research | Castle Age |
| 13:04 | Research | Castle Age |
| 13:51 | Build | House |
| 13:51 | Build | House |
| 14:31 | Build | Palisade Wall |
| 14:44 | Build | Lumber Camp |
| 14:53 | Create | Villager (Male) |
| 15:13 | Research | Double-Bit Axe |
| 15:29 | Age | Castle Age |
| 15:32 | Build | Siege Workshop |
| 15:34 | Build | Siege Workshop |
| 15:38 | Create | Villager (Male) |
| 15:38 | Create | Villager (Male) |
| 15:39 | Create | Villager (Male) |
| 15:55 | Create | Villager (Male) |
| 15:56 | Create | Villager (Male) |
| 16:16 | Create | Battering Ram |
| 16:16 | Create | Battering Ram |
| 16:28 | Build | House |
| 16:31 | Create | Scorpion |
| 16:46 | Create | Scorpion |
| 17:06 | Create | Scorpion |
| 17:09 | Create | Villager (Male) |
| 17:27 | Create | Scorpion |
| 17:40 | Create | Scorpion |
| 17:40 | Create | Scorpion |
| 18:07 | Create | Scorpion |
| 18:18 | Create | Villager (Male) |
| 18:19 | Create | Villager (Male) |
| 18:43 | Build | House |
| 18:56 | Build | House |
| 18:56 | Build | House |
| 19:22 | Create | Mangonel |
| 19:23 | Create | Villager (Male) |
| 19:23 | Create | Villager (Male) |
| 19:45 | Create | Villager (Male) |
| 20:02 | Create | Scorpion |
| 20:09 | Build | Town Center |
| 20:24 | Create | Villager (Male) |
| 20:31 | Build | Farm |
Build order — 奶糖美少女
113 actions detected in the replay
| 0:03 | Build | Town Center |
| 0:45 | Build | Dock |
| 0:47 | Build | House |
| 2:27 | Create | Villager (Male) |
| 2:27 | Create | Villager (Male) |
| 2:27 | Create | Villager (Male) |
| 2:34 | Create | Villager (Male) |
| 3:37 | Create | Fishing Ship |
| 3:51 | Create | Villager (Male) |
| 3:51 | Create | Villager (Male) |
| 3:56 | Build | House |
| 4:15 | Build | Palisade Wall |
| 4:16 | Build | Palisade Wall |
| 4:36 | Create | Villager (Male) |
| 5:07 | Create | Villager (Male) |
| 5:08 | Create | Fishing Ship |
| 5:38 | Build | House |
| 5:41 | Create | Villager (Male) |
| 5:42 | Create | Villager (Male) |
| 5:58 | Create | Villager (Male) |
| 6:00 | Create | Fishing Ship |
| 6:29 | Create | Villager (Male) |
| 6:29 | Create | Villager (Male) |
| 6:42 | Create | Fishing Ship |
| 6:45 | Create | Villager (Male) |
| 7:09 | Build | House |
| 7:19 | Create | Villager (Male) |
| 7:20 | Create | Villager (Male) |
| 7:22 | Create | Fishing Ship |
| 7:37 | Build | House |
| 7:44 | Create | Villager (Male) |
| 7:44 | Create | Villager (Male) |
| 7:53 | Create | Villager (Male) |
| 8:05 | Create | Villager (Male) |
| 8:06 | Create | Fishing Ship |
| 8:15 | Create | Villager (Male) |
| 8:15 | Create | Villager (Male) |
| 8:49 | Build | Mining Camp |
| 8:57 | Create | Villager (Male) |
| 8:57 | Create | Villager (Male) |
| 8:57 | Create | Villager (Male) |
| 8:59 | Build | Palisade Wall |
| 9:09 | Build | House |
| 9:17 | Create | Fishing Ship |
| 9:22 | Build | Palisade Wall |
| 9:25 | Build | Palisade Wall |
| 10:03 | Build | House |
| 10:27 | Build | Dock |
| 10:30 | Create | Villager (Male) |
| 11:09 | Research | Feudal Age |
| 11:13 | Build | Mining Camp |
| 11:41 | Build | Mill |
| 12:31 | Create | Villager (Male) |
| 12:47 | Create | Villager (Male) |
| 12:48 | Create | Villager (Male) |
| 13:19 | Age | Feudal Age |
| 13:21 | Build | Market |
| 13:23 | Build | Blacksmith |
| 13:52 | Build | Lumber Camp |
| 14:05 | Research | Castle Age |
| 14:34 | Research | Double-Bit Axe |
| 14:57 | Build | House |
| 15:00 | Build | House |
| 15:11 | Research | Tech 906 |
| 15:36 | Research | Loom |
| 15:37 | Create | Villager (Male) |
| 15:37 | Create | Villager (Male) |
| 16:49 | Age | Castle Age |
| 16:50 | Build | Castle |
| 16:56 | Build | Town Center |
| 17:01 | Create | Villager (Male) |
| 17:03 | Research | Bow Saw |
| 17:27 | Research | Horse Collar |
| 17:28 | Research | Horse Collar |
| 17:36 | Create | Villager (Male) |
| 17:51 | Create | Conquistador |
| 17:51 | Create | Conquistador |
| 17:52 | Create | Conquistador |
| 17:52 | Create | Conquistador |
| 18:01 | Build | Farm |
| 18:05 | Build | Farm |
| 18:10 | Create | Conquistador |
| 18:13 | Create | Villager (Male) |
| 18:14 | Create | Villager (Male) |
| 18:14 | Create | Villager (Male) |
| 18:14 | Create | Villager (Male) |
| 18:22 | Build | Farm |
| 18:33 | Create | Villager (Male) |
| 18:36 | Build | Farm |
| 18:47 | Create | Conquistador |
| 18:55 | Create | Villager (Male) |
| 18:55 | Create | Villager (Male) |
| 18:59 | Build | Farm |
| 19:00 | Build | Farm |
| 19:09 | Create | Conquistador |
| 19:09 | Create | Conquistador |
| 19:14 | Create | Villager (Male) |
| 19:17 | Build | Farm |
| 19:29 | Create | Conquistador |
| 19:30 | Create | Villager (Male) |
| 19:30 | Create | Villager (Male) |
| 19:34 | Build | Farm |
| 19:48 | Build | Farm |
| 19:50 | Build | Farm |
| 19:56 | Create | Conquistador |
| 20:11 | Create | Villager (Male) |
| 20:11 | Create | Villager (Male) |
| 20:11 | Create | Villager (Male) |
| 20:21 | Create | Villager (Male) |
| 20:31 | Create | Villager (Male) |
| 21:02 | Create | Villager (Male) |
| 21:02 | Create | Villager (Male) |
| 21:02 | Create | Villager (Male) |
Build order — 打出风采
91 actions detected in the replay
| 0:08 | Build | Town Center |
| 1:10 | Build | Dock |
| 1:12 | Build | House |
| 2:44 | Create | Villager (Male) |
| 2:45 | Create | Villager (Male) |
| 2:45 | Create | Villager (Male) |
| 2:45 | Create | Villager (Male) |
| 2:45 | Create | Villager (Male) |
| 3:58 | Create | Fishing Ship |
| 4:14 | Create | Villager (Male) |
| 4:30 | Build | House |
| 4:54 | Research | Loom |
| 5:17 | Create | Villager (Male) |
| 5:21 | Create | Villager (Male) |
| 5:26 | Create | Fishing Ship |
| 5:50 | Create | Villager (Male) |
| 6:15 | Create | Villager (Male) |
| 6:20 | Build | House |
| 6:37 | Create | Villager (Male) |
| 6:52 | Create | Fishing Ship |
| 7:20 | Create | Villager (Male) |
| 7:22 | Create | Fishing Ship |
| 7:40 | Create | Villager (Male) |
| 7:40 | Create | Villager (Male) |
| 7:40 | Create | Villager (Male) |
| 7:55 | Build | House |
| 8:03 | Create | Villager (Male) |
| 8:06 | Create | Fishing Ship |
| 8:49 | Create | Villager (Male) |
| 8:52 | Create | Fishing Ship |
| 8:57 | Build | House |
| 9:20 | Create | Villager (Male) |
| 9:34 | Create | Fishing Ship |
| 10:00 | Create | Villager (Male) |
| 10:25 | Build | Dock |
| 10:33 | Build | Lumber Camp |
| 10:36 | Create | Villager (Male) |
| 10:50 | Build | Mining Camp |
| 11:03 | Create | Villager (Male) |
| 11:10 | Build | House |
| 11:21 | Create | Fishing Ship |
| 11:42 | Create | Villager (Male) |
| 11:51 | Build | Mining Camp |
| 11:55 | Create | Villager (Male) |
| 12:03 | Research | Feudal Age |
| 12:09 | Create | Fishing Ship |
| 12:16 | Create | Fishing Ship |
| 12:42 | Build | Mill |
| 12:55 | Create | Fishing Ship |
| 13:25 | Build | House |
| 13:53 | Create | Fishing Ship |
| 13:56 | Build | House |
| 13:57 | Build | House |
| 14:26 | Create | Villager (Male) |
| 14:26 | Create | Villager (Male) |
| 14:56 | Create | Fishing Ship |
| 15:00 | Age | Feudal Age |
| 15:02 | Build | Market |
| 15:05 | Build | Blacksmith |
| 15:24 | Research | Double-Bit Axe |
| 15:32 | Create | Demolition Raft |
| 15:36 | Create | Demolition Raft |
| 15:38 | Create | Villager (Male) |
| 16:02 | Create | Villager (Male) |
| 16:08 | Research | Castle Age |
| 16:33 | Create | Villager (Male) |
| 16:34 | Research | Horse Collar |
| 16:41 | Build | Palisade Wall |
| 16:43 | Build | House |
| 16:45 | Build | Palisade Wall |
| 16:47 | Build | Palisade Wall |
| 16:54 | Build | Palisade Wall |
| 17:00 | Build | Palisade Wall |
| 17:02 | Build | Palisade Wall |
| 17:04 | Create | Villager (Male) |
| 17:08 | Build | Palisade Wall |
| 17:09 | Build | Palisade Wall |
| 17:47 | Build | Farm |
| 17:47 | Build | Farm |
| 18:13 | Build | Farm |
| 18:49 | Age | Castle Age |
| 18:54 | Build | Castle |
| 19:11 | Build | Palisade Wall |
| 19:30 | Build | Palisade Wall |
| 19:45 | Build | Castle |
| 19:53 | Create | Villager (Male) |
| 20:33 | Create | Villager (Male) |
| 20:33 | Create | Villager (Male) |
| 20:42 | Create | Camel Archer |
| 20:42 | Create | Camel Archer |
| 20:45 | Research | Fletching |
Build order — Mr_oY
125 actions detected in the replay
| 0:14 | Build | Town Center |
| 0:33 | Build | Dock |
| 1:27 | Build | House |
| 1:31 | Build | Palisade Wall |
| 1:33 | Build | Palisade Wall |
| 2:32 | Create | Villager (Male) |
| 2:32 | Create | Villager (Male) |
| 2:32 | Create | Villager (Male) |
| 2:49 | Create | Villager (Male) |
| 3:15 | Research | Loom |
| 3:26 | Create | Villager (Male) |
| 3:26 | Create | Villager (Male) |
| 3:27 | Create | Villager (Male) |
| 3:43 | Build | House |
| 3:48 | Create | Villager (Male) |
| 3:57 | Create | Fishing Ship |
| 4:41 | Build | House |
| 4:53 | Create | Villager (Male) |
| 5:17 | Build | Palisade Wall |
| 5:21 | Build | Palisade Wall |
| 5:21 | Build | Palisade Wall |
| 5:22 | Build | Palisade Wall |
| 5:23 | Create | Villager (Male) |
| 5:44 | Create | Fishing Ship |
| 5:51 | Create | Villager (Male) |
| 5:59 | Build | Palisade Wall |
| 5:59 | Build | Palisade Wall |
| 6:00 | Build | Palisade Wall |
| 6:06 | Create | Villager (Male) |
| 6:06 | Create | Villager (Male) |
| 6:14 | Build | House |
| 6:34 | Create | Villager (Male) |
| 6:53 | Create | Fishing Ship |
| 7:07 | Build | Palisade Wall |
| 7:10 | Create | Villager (Male) |
| 7:13 | Build | House |
| 7:24 | Create | Fishing Ship |
| 7:32 | Create | Villager (Male) |
| 7:44 | Build | Palisade Wall |
| 7:44 | Build | Palisade Wall |
| 7:47 | Build | Palisade Wall |
| 7:47 | Build | Palisade Wall |
| 7:50 | Create | Villager (Male) |
| 7:53 | Create | Fishing Ship |
| 8:10 | Create | Villager (Male) |
| 8:14 | Build | Palisade Wall |
| 8:15 | Build | House |
| 8:33 | Create | Villager (Male) |
| 8:36 | Create | Villager (Male) |
| 8:40 | Build | Palisade Wall |
| 8:45 | Build | Palisade Wall |
| 8:51 | Create | Fishing Ship |
| 9:31 | Create | Fishing Ship |
| 9:39 | Create | Villager (Male) |
| 9:58 | Build | House |
| 10:03 | Build | Mill |
| 10:04 | Create | Villager (Male) |
| 10:30 | Create | Villager (Male) |
| 10:39 | Create | Fishing Ship |
| 10:46 | Build | Mining Camp |
| 10:48 | Create | Villager (Male) |
| 11:00 | Research | Feudal Age |
| 11:24 | Build | Mining Camp |
| 12:56 | Create | Villager (Male) |
| 13:10 | Age | Feudal Age |
| 13:12 | Build | Market |
| 13:15 | Build | Blacksmith |
| 13:17 | Research | Town Watch |
| 13:36 | Build | House |
| 13:39 | Build | Palisade Wall |
| 13:39 | Build | Palisade Wall |
| 13:40 | Build | Palisade Wall |
| 13:59 | Create | Unit 2626 |
| 14:07 | Research | Castle Age |
| 14:12 | Build | Lumber Camp |
| 14:29 | Build | Palisade Wall |
| 14:30 | Build | Palisade Wall |
| 14:30 | Build | Palisade Wall |
| 14:31 | Build | Palisade Wall |
| 14:31 | Build | Palisade Wall |
| 14:32 | Build | Palisade Wall |
| 14:57 | Research | Double-Bit Axe |
| 15:16 | Create | Villager (Male) |
| 15:28 | Build | House |
| 15:37 | Build | Palisade Wall |
| 16:13 | Build | Dock |
| 16:47 | Age | Castle Age |
| 16:56 | Build | Castle |
| 17:11 | Create | Villager (Male) |
| 17:12 | Research | Bow Saw |
| 17:16 | Research | Fletching |
| 17:26 | Build | Palisade Wall |
| 17:37 | Create | Villager (Male) |
| 17:41 | Create | Unit 2626 |
| 17:49 | Create | Villager (Male) |
| 17:56 | Build | Palisade Wall |
| 17:59 | Create | Mangudai |
| 18:15 | Create | Villager (Male) |
| 18:24 | Create | Fishing Ship |
| 18:25 | Create | Fishing Ship |
| 18:31 | Create | Mangudai |
| 18:39 | Create | Villager (Male) |
| 18:51 | Create | Villager (Male) |
| 19:03 | Create | Mangudai |
| 19:05 | Create | Fishing Ship |
| 19:06 | Create | Fishing Ship |
| 19:13 | Create | Fishing Ship |
| 19:14 | Build | House |
| 19:22 | Create | Villager (Male) |
| 19:34 | Build | Palisade Gate |
| 19:40 | Create | Mangudai |
| 19:44 | Create | Villager (Male) |
| 20:01 | Create | Villager (Male) |
| 20:15 | Create | Mangudai |
| 20:16 | Create | Villager (Male) |
| 20:22 | Create | Villager (Male) |
| 20:32 | Create | Villager (Male) |
| 20:34 | Create | Villager (Male) |
| 20:36 | Build | Town Center |
| 20:44 | Create | Fishing Ship |
| 20:44 | Create | Fishing Ship |
| 20:52 | Research | Tech 906 |
| 20:59 | Create | Mangudai |
| 21:00 | Create | Villager (Male) |
| 21:03 | Create | Villager (Male) |
Build order — TL_旋律
115 actions detected in the replay
| 0:21 | Build | Town Center |
| 0:39 | Build | Dock |
| 1:18 | Build | House |
| 2:33 | Create | Villager (Male) |
| 2:33 | Create | Villager (Male) |
| 2:37 | Create | Villager (Male) |
| 2:59 | Create | Villager (Male) |
| 3:36 | Create | Fishing Ship |
| 3:54 | Create | Villager (Male) |
| 4:37 | Build | House |
| 4:37 | Create | Villager (Male) |
| 4:57 | Research | Loom |
| 5:00 | Create | Fishing Ship |
| 5:10 | Create | Villager (Male) |
| 5:38 | Create | Villager (Male) |
| 5:49 | Build | House |
| 6:04 | Create | Villager (Male) |
| 6:09 | Create | Fishing Ship |
| 6:22 | Create | Villager (Male) |
| 6:49 | Create | Fishing Ship |
| 6:51 | Create | Villager (Male) |
| 7:06 | Build | House |
| 7:08 | Create | Villager (Male) |
| 7:22 | Create | Fishing Ship |
| 7:35 | Create | Villager (Male) |
| 7:56 | Create | Fishing Ship |
| 8:00 | Create | Villager (Male) |
| 8:20 | Create | Fishing Ship |
| 8:25 | Build | House |
| 8:26 | Create | Villager (Male) |
| 8:51 | Create | Villager (Male) |
| 9:00 | Build | Mill |
| 9:16 | Create | Villager (Male) |
| 9:20 | Create | Fishing Ship |
| 9:40 | Build | House |
| 9:48 | Create | Villager (Male) |
| 10:02 | Create | Fishing Ship |
| 10:04 | Create | Villager (Male) |
| 10:30 | Create | Villager (Male) |
| 10:32 | Build | Mining Camp |
| 10:47 | Build | Dock |
| 11:05 | Build | House |
| 11:11 | Create | Fishing Ship |
| 11:20 | Research | Feudal Age |
| 11:40 | Create | Fishing Ship |
| 11:47 | Create | Villager (Male) |
| 12:24 | Build | Barracks |
| 13:05 | Create | Villager (Male) |
| 13:30 | Age | Feudal Age |
| 13:31 | Build | Stable |
| 13:46 | Build | Blacksmith |
| 14:19 | Research | Castle Age |
| 14:21 | Build | Lumber Camp |
| 14:33 | Research | Tech 906 |
| 14:42 | Research | Double-Bit Axe |
| 14:46 | Create | Fishing Ship |
| 14:55 | Build | House |
| 15:03 | Create | Scout Cavalry |
| 15:13 | Build | Lumber Camp |
| 15:38 | Create | Scout Cavalry |
| 15:38 | Create | Scout Cavalry |
| 15:46 | Research | Horse Collar |
| 15:55 | Create | Villager (Male) |
| 17:00 | Age | Castle Age |
| 17:00 | Create | Knight |
| 17:01 | Create | Knight |
| 17:02 | Create | Villager (Male) |
| 17:04 | Build | Town Center |
| 17:05 | Research | Bow Saw |
| 17:10 | Build | Town Center |
| 17:14 | Research | Wheelbarrow |
| 17:26 | Create | Villager (Male) |
| 17:41 | Research | Heavy Plow |
| 17:45 | Create | Villager (Male) |
| 17:47 | Build | Dock |
| 17:58 | Build | Farm |
| 17:59 | Build | Farm |
| 18:00 | Build | Farm |
| 18:01 | Build | Farm |
| 18:19 | Build | House |
| 18:19 | Build | House |
| 18:19 | Build | House |
| 18:19 | Build | House |
| 18:20 | Build | House |
| 18:21 | Create | Villager (Male) |
| 18:35 | Create | Villager (Male) |
| 18:37 | Build | Farm |
| 18:38 | Build | Farm |
| 18:38 | Create | Villager (Male) |
| 18:39 | Create | Villager (Male) |
| 18:56 | Research | Scale Barding Armor |
| 19:01 | Create | Villager (Male) |
| 19:03 | Build | Farm |
| 19:03 | Build | Farm |
| 19:04 | Build | Farm |
| 19:25 | Create | Villager (Male) |
| 19:34 | Create | Villager (Male) |
| 19:36 | Build | Farm |
| 19:37 | Create | Villager (Male) |
| 19:39 | Create | Knight |
| 19:44 | Create | Villager (Male) |
| 19:45 | Build | Farm |
| 20:03 | Create | Knight |
| 20:05 | Create | Villager (Male) |
| 20:11 | Create | Villager (Male) |
| 20:12 | Create | Villager (Male) |
| 20:22 | Create | Villager (Male) |
| 20:29 | Create | Villager (Male) |
| 20:36 | Create | Villager (Male) |
| 20:38 | Create | Villager (Male) |
| 20:40 | Create | Villager (Male) |
| 20:43 | Research | Town Watch |
| 20:52 | Build | Siege Workshop |
| 20:58 | Create | Villager (Male) |
| 21:04 | Build | Farm |
Build order — _LY_Yo
94 actions detected in the replay
| 0:33 | Build | Town Center |
| 2:18 | Build | House |
| 2:53 | Build | Dock |
| 3:00 | Build | House |
| 3:04 | Create | Villager (Male) |
| 3:04 | Create | Villager (Male) |
| 3:04 | Create | Villager (Male) |
| 3:05 | Create | Villager (Male) |
| 4:20 | Create | Fishing Ship |
| 4:45 | Research | Loom |
| 4:58 | Build | House |
| 5:13 | Create | Villager (Male) |
| 5:36 | Create | Villager (Male) |
| 6:00 | Create | Villager (Male) |
| 6:22 | Create | Villager (Male) |
| 6:23 | Create | Fishing Ship |
| 6:40 | Create | Villager (Male) |
| 6:50 | Build | House |
| 7:09 | Create | Villager (Male) |
| 7:16 | Build | House |
| 7:28 | Create | Fishing Ship |
| 7:37 | Build | House |
| 7:39 | Create | Villager (Male) |
| 8:01 | Create | Villager (Male) |
| 8:07 | Build | Palisade Wall |
| 8:10 | Create | Fishing Ship |
| 8:24 | Create | Villager (Male) |
| 8:30 | Create | Villager (Male) |
| 8:46 | Build | House |
| 8:47 | Build | Palisade Wall |
| 8:52 | Create | Fishing Ship |
| 9:12 | Create | Villager (Male) |
| 9:18 | Create | Fishing Ship |
| 9:35 | Create | Fishing Ship |
| 9:38 | Create | Villager (Male) |
| 9:42 | Build | House |
| 10:06 | Create | Villager (Male) |
| 10:08 | Build | Dock |
| 10:20 | Create | Fishing Ship |
| 10:24 | Create | Villager (Male) |
| 10:30 | Create | Villager (Male) |
| 10:39 | Build | House |
| 10:42 | Build | Palisade Wall |
| 10:44 | Create | Villager (Male) |
| 11:05 | Create | Villager (Male) |
| 11:10 | Create | Fishing Ship |
| 11:13 | Build | Palisade Wall |
| 11:16 | Create | Fishing Ship |
| 11:46 | Create | Fishing Ship |
| 11:46 | Create | Fishing Ship |
| 12:11 | Build | Mining Camp |
| 12:25 | Create | Villager (Male) |
| 12:41 | Create | Fishing Ship |
| 12:42 | Create | Fishing Ship |
| 12:51 | Research | Feudal Age |
| 13:18 | Build | Dock |
| 13:46 | Build | Mill |
| 14:53 | Create | Villager (Male) |
| 14:53 | Create | Villager (Male) |
| 15:01 | Age | Feudal Age |
| 15:04 | Build | Blacksmith |
| 15:09 | Build | Market |
| 15:15 | Build | Lumber Camp |
| 15:36 | Build | House |
| 15:37 | Build | House |
| 16:02 | Research | Castle Age |
| 16:08 | Build | House |
| 16:21 | Research | Double-Bit Axe |
| 16:21 | Research | Horse Collar |
| 16:21 | Research | Horse Collar |
| 16:25 | Build | Palisade Wall |
| 16:55 | Research | Tech 906 |
| 16:56 | Research | Tech 906 |
| 17:16 | Build | House |
| 17:20 | Build | Palisade Wall |
| 17:21 | Build | Palisade Wall |
| 18:09 | Create | Villager (Male) |
| 18:10 | Create | Villager (Male) |
| 18:42 | Age | Castle Age |
| 18:49 | Build | Castle |
| 18:57 | Research | Bow Saw |
| 18:57 | Research | Heavy Plow |
| 19:03 | Build | Monastery |
| 19:28 | Create | Villager (Male) |
| 19:31 | Build | Town Center |
| 19:37 | Create | Monk |
| 19:40 | Research | Fervor |
| 19:43 | Create | Villager (Male) |
| 19:59 | Create | Villager (Male) |
| 20:22 | Create | Hussite Wagon |
| 20:26 | Research | Town Watch |
| 20:35 | Create | Villager (Male) |
| 20:41 | Create | Hussite Wagon |
| 20:54 | Create | Villager (Male) |
Build order — _LY_lyx
128 actions detected in the replay
| 0:17 | Build | Town Center |
| 0:47 | Build | Dock |
| 2:08 | Build | House |
| 2:50 | Create | Villager (Male) |
| 2:50 | Create | Villager (Male) |
| 2:50 | Create | Villager (Male) |
| 3:19 | Create | Villager (Male) |
| 3:20 | Create | Villager (Male) |
| 3:47 | Create | Fishing Ship |
| 3:47 | Create | Fishing Ship |
| 4:12 | Build | House |
| 4:29 | Create | Villager (Male) |
| 4:42 | Build | Palisade Wall |
| 4:45 | Build | Palisade Wall |
| 4:47 | Build | Palisade Wall |
| 4:50 | Build | Palisade Wall |
| 4:54 | Create | Villager (Male) |
| 5:13 | Create | Villager (Male) |
| 5:16 | Research | Loom |
| 5:20 | Create | Villager (Male) |
| 5:37 | Create | Villager (Male) |
| 6:01 | Build | Palisade Wall |
| 6:02 | Build | Palisade Wall |
| 6:03 | Build | Palisade Wall |
| 6:03 | Build | Palisade Wall |
| 6:05 | Build | Palisade Wall |
| 6:06 | Build | Palisade Wall |
| 6:08 | Build | Palisade Wall |
| 6:09 | Create | Villager (Male) |
| 6:15 | Build | Palisade Wall |
| 6:19 | Build | House |
| 6:19 | Create | Fishing Ship |
| 6:21 | Create | Villager (Male) |
| 6:28 | Build | Palisade Wall |
| 6:28 | Build | Palisade Wall |
| 6:54 | Create | Villager (Male) |
| 7:05 | Create | Fishing Ship |
| 7:07 | Create | Villager (Male) |
| 7:18 | Build | House |
| 7:46 | Create | Villager (Male) |
| 7:50 | Create | Fishing Ship |
| 8:11 | Build | House |
| 8:23 | Create | Villager (Male) |
| 8:31 | Create | Villager (Male) |
| 8:36 | Create | Fishing Ship |
| 8:44 | Build | Palisade Wall |
| 8:45 | Build | Palisade Wall |
| 8:45 | Build | Palisade Wall |
| 8:46 | Build | Palisade Wall |
| 8:59 | Create | Villager (Male) |
| 9:09 | Build | Dock |
| 9:20 | Build | Palisade Wall |
| 9:23 | Create | Fishing Ship |
| 9:30 | Create | Villager (Male) |
| 9:43 | Create | Villager (Male) |
| 9:58 | Create | Fishing Ship |
| 10:01 | Build | House |
| 10:08 | Create | Fishing Ship |
| 10:25 | Build | Mining Camp |
| 10:28 | Create | Villager (Male) |
| 10:38 | Build | House |
| 10:47 | Create | Fishing Ship |
| 10:56 | Create | Villager (Male) |
| 11:02 | Create | Fishing Ship |
| 11:09 | Build | Palisade Wall |
| 11:19 | Create | Villager (Male) |
| 11:26 | Create | Fishing Ship |
| 11:45 | Build | Mining Camp |
| 11:46 | Research | Feudal Age |
| 11:58 | Create | Fishing Ship |
| 11:59 | Create | Fishing Ship |
| 12:06 | Research | Loom |
| 12:06 | Research | Feudal Age |
| 12:36 | Build | Mill |
| 12:44 | Create | Fishing Ship |
| 12:48 | Create | Fishing Ship |
| 13:02 | Build | Outpost |
| 13:50 | Create | Villager (Male) |
| 14:41 | Age | Feudal Age |
| 14:45 | Build | Market |
| 14:47 | Build | Blacksmith |
| 14:50 | Research | Town Watch |
| 14:55 | Build | Lumber Camp |
| 15:07 | Build | Mining Camp |
| 15:18 | Build | Stone Wall |
| 15:19 | Build | Stone Wall |
| 15:28 | Research | Castle Age |
| 15:31 | Build | Stone Wall |
| 15:32 | Build | Stone Wall |
| 15:33 | Build | Stone Wall |
| 15:44 | Build | Palisade Wall |
| 15:45 | Build | Palisade Wall |
| 15:53 | Build | Stone Wall |
| 16:05 | Build | House |
| 16:08 | Research | Double-Bit Axe |
| 16:08 | Research | Double-Bit Axe |
| 16:18 | Research | Horse Collar |
| 16:21 | Research | Tech 906 |
| 16:26 | Build | House |
| 16:32 | Build | House |
| 16:37 | Build | Stone Wall |
| 17:10 | Build | Stone Wall |
| 17:10 | Build | Stone Wall |
| 17:12 | Build | Stone Wall |
| 17:13 | Build | Stone Wall |
| 17:13 | Build | Stone Wall |
| 17:16 | Build | Stone Wall |
| 17:18 | Build | Stone Wall |
| 17:18 | Build | Stone Wall |
| 17:19 | Build | Stone Wall |
| 18:10 | Research | Fletching |
| 18:11 | Age | Castle Age |
| 18:11 | Create | Villager (Male) |
| 18:15 | Build | Castle |
| 18:26 | Create | Villager (Male) |
| 18:38 | Build | Siege Workshop |
| 18:41 | Create | Villager (Male) |
| 19:09 | Research | Bodkin Arrow |
| 19:10 | Create | Villager (Male) |
| 19:14 | Create | Mangonel |
| 19:31 | Create | Villager (Male) |
| 19:39 | Create | Villager (Male) |
| 19:44 | Create | Plumed Archer |
| 19:51 | Build | Dock |
| 20:03 | Create | Villager (Male) |
| 20:30 | Build | Siege Workshop |
| 20:46 | Create | Villager (Male) |
| 20:47 | Create | Plumed Archer |
Match timeline
| 0:28 | TL_Bad Koala · first_building Dock |
| 0:33 | Mr_oY · first_building Dock |
| 0:39 | TL_旋律 · first_building Dock |
| 0:45 | 奶糖美少女 · first_building Dock |
| 0:47 | _LY_lyx · first_building Dock |
| 1:10 | 打出风采 · first_building Dock |
| 1:12 | brief · first_building Dock |
| 1:31 | Mr_oY · wall_segment Palisade Wall x1 |
| 1:33 | Mr_oY · wall_segment Palisade Wall x1 |
| 2:53 | _LY_Yo · first_building Dock |
| 4:15 | 奶糖美少女 · wall_segment Palisade Wall x1 |
| 4:16 | 奶糖美少女 · wall_segment Palisade Wall x1 |
| 4:42 | _LY_lyx · wall_segment Palisade Wall x1 |
| 4:45 | _LY_lyx · wall_segment Palisade Wall x1 |
| 4:47 | _LY_lyx · wall_segment Palisade Wall x1 |
| 4:50 | _LY_lyx · wall_segment Palisade Wall x1 |
| 5:17 | Mr_oY · wall_segment Palisade Wall x1 |
| 5:19 | TL_Bad Koala · wall_segment Palisade Wall x3 |
| 5:21 | Mr_oY · wall_segment Palisade Wall x1 |
| 5:21 | Mr_oY · wall_segment Palisade Wall x1 |
| 5:22 | Mr_oY · wall_segment Palisade Wall x1 |
| 5:29 | TL_Bad Koala · wall_segment Palisade Wall x1 |
| 5:30 | TL_Bad Koala · wall_segment Palisade Wall x1 |
| 5:47 | TL_Bad Koala · wall_segment Palisade Wall x1 |
| 5:48 | TL_Bad Koala · wall_segment Palisade Wall x1 |
| 5:57 | TL_Bad Koala · wall_segment Palisade Wall x1 |
| 5:58 | TL_Bad Koala · wall_segment Palisade Wall x1 |
| 5:59 | Mr_oY · wall_segment Palisade Wall x1 |
| 5:59 | Mr_oY · wall_segment Palisade Wall x1 |
| 6:00 | Mr_oY · wall_segment Palisade Wall x1 |
| 6:01 | _LY_lyx · wall_segment Palisade Wall x1 |
| 6:02 | _LY_lyx · wall_segment Palisade Wall x1 |
| 6:03 | _LY_lyx · wall_segment Palisade Wall x1 |
| 6:03 | _LY_lyx · wall_segment Palisade Wall x1 |
| 6:05 | _LY_lyx · wall_segment Palisade Wall x1 |
| 6:06 | _LY_lyx · wall_segment Palisade Wall x1 |
| 6:08 | _LY_lyx · wall_segment Palisade Wall x1 |
| 6:15 | _LY_lyx · wall_segment Palisade Wall x1 |
| 6:28 | _LY_lyx · wall_segment Palisade Wall x1 |
| 6:28 | _LY_lyx · wall_segment Palisade Wall x1 |
| 7:07 | Mr_oY · wall_segment Palisade Wall x1 |
| 7:44 | Mr_oY · wall_segment Palisade Wall x1 |
| 7:44 | Mr_oY · wall_segment Palisade Wall x1 |
| 7:47 | Mr_oY · wall_segment Palisade Wall x1 |
| 7:47 | Mr_oY · wall_segment Palisade Wall x1 |
| 8:07 | _LY_Yo · wall_segment Palisade Wall x1 |
| 8:14 | Mr_oY · wall_segment Palisade Wall x1 |
| 8:40 | Mr_oY · wall_segment Palisade Wall x10 |
| 8:44 | _LY_lyx · wall_segment Palisade Wall x1 |
| 8:45 | Mr_oY · wall_segment Palisade Wall x1 |
| 8:45 | _LY_lyx · wall_segment Palisade Wall x1 |
| 8:45 | _LY_lyx · wall_segment Palisade Wall x1 |
| 8:46 | _LY_lyx · wall_segment Palisade Wall x1 |
| 8:47 | _LY_Yo · wall_segment Palisade Wall x5 |
| 8:59 | 奶糖美少女 · wall_segment Palisade Wall x1 |
| 9:20 | _LY_lyx · wall_segment Palisade Wall x6 |
| 9:22 | 奶糖美少女 · wall_segment Palisade Wall x1 |
| 9:25 | 奶糖美少女 · wall_segment Palisade Wall x1 |
| 10:42 | _LY_Yo · wall_segment Palisade Wall x4 |
| 11:09 | _LY_lyx · wall_segment Palisade Wall x1 |
| 11:13 | _LY_Yo · wall_segment Palisade Wall x1 |
| 11:59 | TL_Bad Koala · age_up feudal |
| 12:24 | TL_旋律 · first_building Barracks |
| 13:10 | Mr_oY · age_up feudal |
| 13:19 | 奶糖美少女 · age_up feudal |
| 13:30 | TL_旋律 · age_up feudal |
| 13:31 | TL_旋律 · first_building Stable |
| 13:39 | Mr_oY · wall_segment Palisade Wall x1 |
| 13:39 | Mr_oY · wall_segment Palisade Wall x1 |
| 13:40 | Mr_oY · wall_segment Palisade Wall x1 |
| 14:28 | TL_Bad Koala · first_market_sell 100 stone |
| 14:29 | Mr_oY · wall_segment Palisade Wall x1 |
| 14:30 | Mr_oY · wall_segment Palisade Wall x1 |
| 14:30 | Mr_oY · wall_segment Palisade Wall x1 |
| 14:31 | Mr_oY · wall_segment Palisade Wall x1 |
| 14:31 | TL_Bad Koala · wall_segment Palisade Wall x4 |
| 14:31 | Mr_oY · wall_segment Palisade Wall x1 |
| 14:32 | Mr_oY · wall_segment Palisade Wall x1 |
| 14:41 | _LY_lyx · age_up feudal |
| 14:46 | brief · age_up feudal |
| 15:00 | 打出风采 · age_up feudal |
| 15:01 | _LY_Yo · age_up feudal |
| 15:18 | _LY_lyx · wall_segment Stone Wall x3 |
| 15:19 | _LY_lyx · wall_segment Stone Wall x5 |
| 15:29 | TL_Bad Koala · first_market_buy 100 wood |
| 15:29 | TL_Bad Koala · age_up castle |
| 15:31 | _LY_lyx · wall_segment Stone Wall x1 |
| 15:32 | TL_Bad Koala · first_building Siege Workshop |
| 15:32 | _LY_lyx · wall_segment Stone Wall x1 |
| 15:33 | _LY_lyx · wall_segment Stone Wall x1 |
| 15:37 | Mr_oY · wall_segment Palisade Wall x8 |
| 15:44 | _LY_lyx · wall_segment Palisade Wall x4 |
| 15:45 | _LY_lyx · wall_segment Palisade Wall x1 |
| 15:53 | _LY_lyx · wall_segment Stone Wall x1 |
| 16:25 | _LY_Yo · wall_segment Palisade Wall x3 |
| 16:37 | _LY_lyx · wall_segment Stone Wall x1 |
| 16:41 | 打出风采 · wall_segment Palisade Wall x1 |
| 16:45 | 打出风采 · wall_segment Palisade Wall x1 |
| 16:47 | 打出风采 · wall_segment Palisade Wall x1 |
| 16:47 | Mr_oY · age_up castle |
| 16:47 | brief · wall_segment Stone Wall x8 |
| 16:49 | 奶糖美少女 · age_up castle |
| 16:50 | 奶糖美少女 · first_building Castle |
| 16:53 | 奶糖美少女 · first_market_buy 100 stone |
| 16:54 | 打出风采 · wall_segment Palisade Wall x1 |
| 16:56 | Mr_oY · first_building Castle |
| 17:00 | TL_旋律 · age_up castle |
| 17:00 | 打出风采 · wall_segment Palisade Wall x1 |
| 17:02 | 打出风采 · wall_segment Palisade Wall x1 |
| 17:08 | 打出风采 · wall_segment Palisade Wall x1 |
| 17:09 | 打出风采 · wall_segment Palisade Wall x1 |
| 17:10 | _LY_lyx · wall_segment Stone Wall x1 |
| 17:10 | _LY_lyx · wall_segment Stone Wall x1 |
| 17:12 | _LY_lyx · wall_segment Stone Wall x1 |
| 17:13 | _LY_lyx · wall_segment Stone Wall x1 |
| 17:13 | _LY_lyx · wall_segment Stone Wall x1 |
| 17:16 | _LY_lyx · wall_segment Stone Wall x1 |
| 17:18 | _LY_lyx · wall_segment Stone Wall x1 |
| 17:18 | _LY_lyx · wall_segment Stone Wall x1 |
| 17:19 | _LY_lyx · wall_segment Stone Wall x1 |
| 17:20 | _LY_Yo · wall_segment Palisade Wall x1 |
| 17:21 | _LY_Yo · wall_segment Palisade Wall x1 |
| 17:26 | Mr_oY · wall_segment Palisade Wall x5 |
| 17:56 | Mr_oY · wall_segment Palisade Wall x8 |
| 18:05 | _LY_lyx · first_market_buy 100 stone |
| 18:09 | _LY_lyx · first_market_sell 100 food |
| 18:11 | _LY_lyx · age_up castle |
| 18:15 | _LY_lyx · first_building Castle |
| 18:38 | _LY_lyx · first_building Siege Workshop |
| 18:42 | _LY_Yo · age_up castle |
| 18:46 | brief · age_up castle |
| 18:49 | _LY_Yo · first_building Castle |
| 18:49 | 打出风采 · age_up castle |
| 18:54 | 打出风采 · first_building Castle |
| 19:03 | _LY_Yo · first_building Monastery |
| 19:11 | 打出风采 · wall_segment Palisade Wall x1 |
| 19:30 | 打出风采 · wall_segment Palisade Wall x1 |
| 20:52 | brief · first_building Castle |
| 20:52 | TL_Bad Koala · resign |
| 20:52 | TL_旋律 · first_building Siege Workshop |
[ AI ANALYSIS · 1 CREDIT ]
What really happened in this match?
Wolo.gg analyzes every decision: build order, eco, micro, common mistakes by bracket. Personalized analysis on WhatsApp or Discord in 30 seconds.
Civ guide
Vietnamese
Map guide
Nomad
Perfil
Jugador #3434769